Description

Build orders from ZvT games (Serral vs HeroMarine) examined by Lowko. This is an example of how Serral gets into mid/late game.

*I'm a noob, so this is meant more for my own understanding of the Z race than anything else.

VOD

https://www.youtube.com/watch?v=ZOY5ctizPK0

Replay - HeRoMaRinE v Serral: Game 1 - Winter's Gate LE

Build Order

Get SALT Encoding   

  13  0:12  Overlord  
  17  0:44  Extractor  
  17  0:50  Spawning Pool  
  18  1:18  Hatchery  
  18  1:36  Queen  @Spawning Pool
  18  1:37  Zergling x4  
  21  1:45  Metabolic Boost  Pull 1st Drone off gas
  22  1:52  Overlord  
  22  2:12  Queen  Inject main - Tumour main -> Natural
  27  2:29  Queen  Pull 2nd Drone off gas
  31  2:47  Zergling x2  
  31  2:49  Pneumatized Carapace  
  35  2:54  Overlord  
  35  3:08  Hatchery  Drones back to gas on Main
  37  3:25  Overlord  Scout enemy
  40  3:29  Zergling x2  Scout enemy, Scout enemy
  40  3:33  Queen  Scout enemy
  43  3:43  Overlord  Scout enemy
  43  3:48  Zergling x2  
  44  3:54  Zergling x2  
  51  4:03  Zergling x2  
  52  4:10  Queen  Scout enemy
  52  4:12  Zergling x4  
  56  4:18  Baneling Nest  
  56  4:21  Queen  
  62  4:34  Zergling x2  
  65  4:42  Lair  
  72  4:59  Extractor x2  
  73  5:14  Evolution Chamber x2  
  72  5:21  Queen  
  83  5:37  Extractor  
  83  5:39  Centrifical Hooks  
  88  5:50  Zerg Ground Armor Level 1  And Melee or Missile +1
  91  6:11  Hatchery  4th base + 5th Macro hatchery
  92  6:14  Overseer  
  100  6:28  Infestation Pit  
Spawning Tool Build Advisor. Get it on Overwolf

Analysis

This build follows the "Rule of 1 gas" as Lowko puts it: Take 2 more gases (2nd and 3rd Extractors) after fully saturating 3 bases.

Keep in mind Serral had 7 queens - 3 for injecting, 4 for spreading creep. Use the spreaders to reinforce new hatcheries. At this point you can use the tumors to spread & have an army to defend/poke.

There are no spore crawlers in this build - they might be necessary to build in the mineral lines around the 4:30 mark against harass.

Go to:

Details

  • Created by: NubiS
  • Published on: Jan 06, 2020
  • Modified on: Jan 06, 2020
  • Patch: 4.11.0
Show
View Real Time Build Order
Export as new Build Order

Comments (1)

On March 3, 2020, 7:26 p.m., chillingspree  said:

Thank you for taking the time to produce this. I was unable to find the replay, even on Lowko's stream, unfortunately, so this saved me a lot of time!

Create an account to comment!